 Dungeon Crawl Stone Soup version 0.29.1-15-g9cfb28693d (webtiles) character file.

Game seed: 12686659723186854297

26 protoss039 the Digger (level 2, -1/21 HPs)
             Began as a Demonspawn Earth Elementalist on Mar 12, 2023.
             Killed by nerve-wracking pain
             ... invoked by an orc priest
              (2 damage)
             ... on level 2 of the Dungeon.
             The game lasted 00:02:52 (1657 turns).

protoss039 the Digger (DsEE)                        Turns: 1657, Time: 00:02:53

Health: -1/21      AC:  5    Str:  8    XL:     2   Next: 89%
Magic:  5/5        EV:  9    Int: 16    God:
Gold:   52         SH:  3    Dex: 13    Spells: 2/5 levels left

rFire   . . .      SeeInvis .   d - +0 dagger
rCold   . . .      Faith    .   a - +0 buckler
rNeg    . . .      Spirit   .   e - +0 ring mail
rPois   .          Reflect  .   (no helmet)
rElec   .          Harm     .   (no cloak)
rCorr   .          Rampage  .   (no gloves)
Will    .....                   (no boots)
Stlth   +.........              (no amulet)
HPRegen 0.07/turn               (no ring)
MPRegen 0.09/turn               (no ring)

@: no status effects
A: powered by death 1
a: no special abilities


You were on level 2 of the Dungeon.
You visited 1 branch of the dungeon, and saw 2 of its levels.

You collected 52 gold pieces.

Inventory:

Hand Weapons
 d - a +0 dagger (weapon)
Armour
 a - a +0 buckler (worn)
 e - a +0 ring mail (worn)
Scrolls
 j - a scroll of amnesia {unknown}
Potions
 b - a potion of magic
 c - a potion of degeneration {unknown}
 f - a potion of mutation {unknown}
 g - 2 potions of attraction {unknown}
 h - a potion of invisibility {unknown}
 i - a potion of lignification {unknown}
 k - a potion of berserk rage {unknown}


   Skills:
 * Level 1.2 Fighting
 * Level 0.1 Armour
 - Level 1.7 Dodging
 - Level 1.7 Stealth
 * Level 0.2 Shields
 + Level 2.4 Spellcasting
 - Level 1.0 Transmutations
 + Level 3.0 Earth Magic


You had 2 spell levels left.
You knew the following spells:

 Your Spells              Type           Power      Damage    Failure   Level
a - Sandblast             Erth           22%        2d7       24%         1
b - Passwall              Tmut/Erth      6%         N/A       50%         2

Your spell library contained the following spells:

 Spells                   Type           Power      Damage    Failure   Level
 Blink                    Tloc           2%         N/A       77%         2
 Stone Arrow              Conj/Erth      12%        3d7       80%         3
 Lesser Beckoning         Tloc           1%         N/A       94%         3
 Petrify                  Tmut/Erth      8%         N/A       98%         4
 Manifold Assault         Tloc           1%         N/A       100%        5


Dungeon Overview and Level Annotations

Branches:
Dungeon (2/15) Zot: 10324

Altars:


Innate Abilities, Weirdness & Mutations

You regenerate a little health from kills.


Message History

Training target 1.0 for Transmutations reached!
Your Transmutations skill increases to level 1!
You see here a hobgoblin corpse.
You start resting.
Magic restored.
There is a stone staircase leading down here.
You see here a +0 short sword.
There is a stone staircase leading down here.
You climb downwards.
The orc shouts! x2; The orc priest shouts!
The orc completely misses you.
There is a stone staircase leading up here.
Unknown command.
The orc hits you with a +0 club.
You climb upwards.
There is a stone staircase leading down here.
Casting: Sandblast (safe; 24% risk of failure)
Confirm with . or Enter, or press ? or * to list all spells.
Aiming: Sandblast (safe; 24% risk of failure)
Press: ? - help, Shift-Dir - straight line, f - orc
Aim: an orc, wielding a +0 club (82% to hit)
The blast of sand hits the orc!
You kill the orc!
Unknown command.
Things that are here:
a +0 club; an orc corpse
There is a stone staircase leading down here.
You start resting.
Magic restored.
You climb downwards.
The orc hits you with a +0 whip.
The orc priest calls down the wrath of Beogh upon you.
Beogh smites you!
Ouch! That really hurt!
* * * LOW HITPOINT WARNING * * *
There is a stone staircase leading up here.
Unknown command.
Okay, then.
The orc priest calls down the wrath of Beogh upon you.
Pain shoots through your body!
You die...

#.### ..
###...##.#
#........#...
#....<.......
#........#####
.....o....#
###.........
#.####o.......#.#
#.....@########..#
#..###### ... #.


You could see an orc priest and an orc.

Vanquished Creatures
  3 orcs (D:1)
  4 endoplasms (D:1)
  A goblin (D:1)
  5 hobgoblins (D:1)
  A kobold (D:1)
  3 ball pythons (D:1)
  A bat (D:1)
  2 rats (D:1)
20 creatures vanquished.

Notes
Turn   | Place    | Note
-------+----------+-------------------------------------------
     0 | D:1      | protoss039 the Demonspawn Earth Elementalist began the
                  | quest for the Orb.
     0 | D:1      | Reached XP level 1. HP: 13/13 MP: 3/3
   488 | D:1      | Gained mutation: You regenerate a little health from kills.
                  | [demonic ancestry]
   488 | D:1      | Reached XP level 2. HP: 20/20 MP: 3/5
   954 | D:1      | Reached skill level 1 in Fighting
   993 | D:1      | Reached skill level 3 in Earth Magic
  1270 | D:1      | Learned a level 2 spell: Passwall
  1579 | D:1      | Reached skill level 1 in Transmutations
  1656 | D:2      | HP: 1/21 [orc priest/divine providence (16)]
  1657 | D:2      | Killed from afar by an orc priest

Illustrated notes

Levels and vault maps discovered:
D:1:      dpeg_arrival_rhombus, layout_loops_ring
D:2:      kennysheep_six_static_rooms, layout_rooms

Skill      XL: |  1  2 |
---------------+-------+-----
Fighting       | 1 |  1.2
Earth Magic    | 3 |  3.0
Transmutations | 1 |  1.0
Armour         | |  0.1
Dodging        | |  1.7
Stealth        | |  1.7
Shields        | |  0.2
Spellcasting   | |  2.4

Action                   || total
-------------------------++-------
Melee: Dagger            ||    19
 Cast: Sandblast         ||    29
Armor: Ring mail         ||    24
Dodge: Dodged            ||    22
Block: Buckler           ||    10
